[Event "44th Chess Olympiad Open 2022"]
[Site "Chennai"]
[Date "2022.07.29"]
[Round "1.87"]
[White "Senglek, Khonsavanh"]
[Black "Lee, Jun Hyeok"]
[Result "0-1"]
[WhiteElo "1253"]
[BlackElo "2390"]
[Annotator "RC"]
[PlyCount "96"]
[EventDate "2022.??.??"]
[TimeControl "60"]

1. e4 e5 2. Nf3 d5 3. exd5 Bd6 4. Bb5+ c6 5. dxc6 bxc6 6. Bc4 e4 7. Nd4 Qg5 8. Bf1 Qe5 9. Nb3 Nf6 10. h3 O-O 11. Nc3 a5 12. a4 Na6 13.
Na2 Rd8 14. Qe2 Be6 15. d4 exd3 16. Qxe5 Bxe5 17. Nxa5 Bxa2 18. Bxd3 Bd5 19. O-O Nb4 20. Nb7 Rdb8 21. Nc5 Bd6 22. Be3 Bxc5 23. Bxc5 Nxd3 24. cxd3 Rxb2 25. a5 Rb5 26. Bb6 Nd7 27. Bc7 f6 28. Rfe1 Kf7 29. a6 Ra7 30. Bd6 Nc5 31. Ra3 Nxa6 32. Rea1 Rd7 33. Bf4 Nc5 34. d4 Ne6 35. Be3 f5 36. g3 Rdb7 37. Ra7 Rxa7 38. Rxa7+ Kf6 39. Ra1 g5 40. f4 Rb2 41. fxg5+ Nxg5 42. Bxg5+ Kxg5 43. Ra7 Rg2+ 44. Kf1 Rxg3 45. Rxh7 Kf4 46. h4 Ke3 47. h5 Bc4+ 48. Ke1 Rg1# 0-1

[Event "44th Chess Olympiad Open 2022"]
[Site "Chennai"]
[Date "2022.07.29"]
[Round "1.89"]
[White "Ihsan Mohamed N T"]
[Black "Verdier, Patrice"]
[Result "0-1"]
[WhiteElo "1208"]
[BlackElo "2017"]
[Annotator "NA RC"]
[PlyCount "46"]
[EventDate "2022.??.??"]
[TimeControl "60"]

1. e4 c5 2. Nc3 e6 3. Bd3 Nc6 4. Nf3 Nf6 5. O-O d5 6. exd5 exd5 7. Qe1+ Be7 8. Bb5 O-O 9. b3 Qc7 10. Be2 a6 11. d3 h6 12. Bd2 Bf5 13.
Qc1 d4 14. Bf4 Bd6 15. Nd1 Bxf4 16. Qb2 Rfe8 17. Re1 Bg4 18. Rf1 Rxe2 19. Qa3 Bxf3 20. gxf3 Qe5 21. Kg2 Qg5+ 22. Kh3 Qh5+ 23. Kg2 Qxh2# 0-1

[Event "44th Chess Olympiad Open 2022"]
[Site "Chennai"]
[Date "2022.07.30"]
[Round "2.1"]
[White "Erigaisi Arjun"]
[Black "Macovei, Andrei"]
[Result "1/2-1/2"]
[WhiteElo "2689"]
[BlackElo "2478"]
[Annotator "TA"]
[PlyCount "91"]
[EventDate "2022.??.??"]
[TimeControl "60"]

1. e4 e5 2. Nf3 Nc6 3. Bb5 Nf6 4. d3 Bc5 5. Bxc6 dxc6 6.
Nbd2 {[%emt 0:00:08] C65: Ruy Lopez: Berlin Defence (3...Nf6), unusual lines
and 4 0-0 Bc5.} Be6 7. O-O Bd6 {[%emt 0:00:
00] The modern move.} 8. b3 Qe7 9. Bb2 Nd7 {[%emt 0:00:35] [#]} 10. d4 $146 ({
Predecessor:} 10. Nc4 Bxc4 11. bxc4 O-O-O 12. Nd2 Nc5 13. a4 a5 14. Bc3 b6 15.
f4 f6 16. f5 {1-0 (69) Sergienko,S (2383)-Zhurikhin,A (2325) Voronezh 2013})
10... f6 11. Qe2 O-O-O 12.
Rad1 g5 13. dxe5 fxe5 14. Nc4 Bxc4 15. Qxc4 g4 16. Nd2 h5 17. Qe2 Nf8 18. Nc4 Ne6 19. Qe1 ({But not} 19. Bxe5 $2 Bxe5 20. Nxe5 Nf4 $19) (19. Qe3 $5 Bc5 20. Rxd8+ Rxd8 21. Qh6 $11) 19... Bb4 {[%emt 0:09:17] Prevents Qa5.} 20.
c3 Bd6 21. Ne3 Bc5 22. Nf5 Qf7 23. Bc1 Rxd1 24. Qxd1 Rd8 25. Qc2 Qd7 26. b4 Bb6 27. g3 Qd3 28. Qxd3 (28. Ne7+ $1 $15 {was preferrable.} Kb8 29. Qxd3
Rxd3 30. Ng8) 28... Rxd3 $17 29. c4 (29. Kg2
$142) 29... Bd4 30. Kg2 Rc3 $1 31. c5 Rc2 32. a3 Bxf2 33. Rxf2 Rxc1 $19 {[%emt 0:00:01] Endgame
KRN-KRN} 34. Ne7+ $1 Kd8 35. Ng6 Ng5 $1 {[%emt 0:04:00] Threatens to win with ...Nf3.} 36. Rf8+ Kd7 {[%emt 0:00:05] .. .Nh3 is the strong threat.} 37. Nxe5+ Ke6 $1 38. Re8+ (38. Nd3 $1 $15 Rc2+
39. Rf2 Rxf2+ 40. Kxf2) 38... Kf6 $17 {[%emt 0:00:05] Hoping for ...Nh3.} 39.
Kf2 Nxe4+ ({Black should try} 39... Rc2+ 40.
Ke3 Rxh2 41. Nd7+ Kf7) 40. Ke3 {[%emt 0:00:06] [#]} Ng5 {[%emt 0:02:33] And
now ...Re1+ would win.} 41. Nd3 {[%emt 0:38:36] Prevents Re1+.} Rc2 42. Rf8+ {[%emt 0:00:00] [#]} Ke6 (42... Nf7 $1 $17
43. Rb8 Rxh2) 43. Nf4+ $11 {[%emt 0:00:00] The position is equal.} Ke5 44. Re8+ Kf5 45. Rf8+ Ke5 46. Re8+ {[%emt 0:00:00] Weighted Error
Value: White=0.10 (very precise) /Black=0.07 (flawless)} 1/2-1/2

[Event "44th Chess Olympiad Open 2022"]
[Site "Chennai"]
[Date "2022.07.30"]
[Round "2.1"]
[White "Sasikiran, Krishnan"]
[Black "Baltag, Iulian"]
[Result "1-0"]
[WhiteElo "2638"]
[BlackElo "2405"]
[Annotator "TA"]
[PlyCount "121"]
[EventDate "2022.??.??"]
[TimeControl "60"]

1. d4 Nf6 2. c4 e6 3. Nc3 d5 4. cxd5 exd5 5. Bg5 Nbd7 6.
e3 c6 7. Bd3 Be7 8. h3 {[%emt 0:06:59] D35: Queen's Gambit Declined: Exchange Variation.
} Nf8 (8... Ne4 {feels hotter.} 9. Bf4 Ndf6 10. Nf3 O-O) 9.
Nf3 a5 10. Qc2 {[%emt 0:03:45] White is
slightly better.} (10. Ne5 {keeps more tension.} Ne6 11. f4 O-O 12. O-O) 10...
Ne6 11. Bh4 g6 {[%emt 0:00:23] [#]} 12. a3
$146 ({Predecessor:} 12. Ne5 Nd7 13. Bg3 Nxe5 14. dxe5 O-O 15.
O-O Nc5 16. Ne2 Qb6 17. b3 a4 18. Nd4 Nxd3 19. Qxd3 {0-1 (34) Aranaz Portugues,
J (2135)-Villasenor Rubio,E (2205) Linares 2016}) 12... Kf8 13. O-O (13. g4 {with more complications.} Kg7 14. O-O-O Nd7
15. Bxe7 Qxe7 16. h4) 13... Kg7 14. Bg3 (14.
Ne5 {looks sharper.} Nd7 15. Bxe7 Qxe7 16. f4) 14... Bd6 (
14... Rf8 $14) 15. Bxd6 {[%emt 0:03:17] White is more active.} (15. Ne5 {
is interesting.} Nh5 16. Bh2 Qh4 17. Kh1) 15... Qxd6 16. Rab1 ({Better is} 16. Rac1 $16) 16... c5 17. dxc5 Nxc5 18. Rbd1 Qb6 19. Nd4 Bd7 20. Be2 Rac8 21. Qb1 Rhe8 22. Bf3 Re5 23. Rc1 Rce8 24. b4 axb4 25. Qxb4 Qxb4 26. axb4 Nd3 27. Rcd1 Nb2 28. Rd2 Nc4 29. Ra2 Nd6 (29... Rc8 $14) 30. Rc1 Rc8 31. Nce2 Rc4 32. Rxc4 dxc4 33. Ra7 Nfe4 (33... Bf5 $11)
34. Bxe4 $14 Rxe4 35. Kf1 (
35. Ra5 $5 Re7 36. f3 $14) 35... h5 36. Nc3 (36. Ra5 $5 Re7 37. Nf4 $11) 36... Re5 37. h4 Bf5 38. g3 Bd3+ {[%emt 0:01:45] [#]} 39. Ke1 $1 Re8 40.
Kd2 Rd8 41. Ra5 Nf5 42. Rd5 Ra8 {[%emt 0:00:00] A mistake that
costs the game.} (42... Rxd5 $16 43. Nxd5 Nd6) 43. e4 Ne7 44. Rd7 Nc6 45.
b5 Nxd4 46. Rxd4 $18 {[%emt 0:00:00] Endgame
KRB-KRN} Re8 47. f3 Re7 (
47... Kf8 {was called for.} 48. Rd7 Re7) 48. Rd6 f5 (48... Kf8 $142 49. Nd5 Re8) 49. e5 Rxe5 50. Rd7+ Kf8 (50... Kf6 $142
51. Rxb7 Re8) 51. Rxb7 {[%emt 0:00:24] aiming for b6.} Ke8 52.
b6 Re6 $2 (52... Kd8 {was necessary.} 53. Rg7
Kc8 54. Rxg6 Kb7) 53. Na4 Rd6 {[%emt 0:02:05] [#] White must
now prevent ...Be4+.} 54. Ke3 {[%emt 0:00:48] Prevents Be4.} (54. Rh7 $142)
54... c3 $2 (54... Bc2) 55. Rc7 (55. Rb8+
$142 Ke7 56. b7) 55... f4+ $2 (55... Kd8 56. Nc5 (56. Nxc3
Rxb6 57. Rc5 Bf1 $14) 56... Ba6 57. Nxa6 Rxb6) 56. gxf4 {[%emt 0:00:29]
Threatens to win with b7.} Kd8 57. Rxc3 {[%emt 0:00:25]
Intending b7 and mate.} Ba6 58. Rb3 {[%emt 0:00:36] White
wants to mate with Nc5.} Kc8 59. Nc5 Bf1 (59... Bb7 $18 60. Rb5 Rd8) 60. b7+ Kb8 61. Ra3 {[%emt 0:00:17] Weighted Error Value: White=0.22 
(precise) /Black=0.46} 1-0

[Event "44th Chess Olympiad Open 2022"]
[Site "Chennai"]
[Date "2022.07.30"]
[Round "2.1"]
[White "Schitco, Ivan"]
[Black "Harikrishna, Pentala"]
[Result "0-1"]
[WhiteElo "2490"]
[BlackElo "2720"]
[Annotator "TA"]
[PlyCount "76"]
[EventDate "2022.??.??"]
[TimeControl "60"]

1. c4 e5 2. Nf3 Nc6 3. d4 exd4 4. Nxd4 Nf6 5. Nc3 Bb4 6. g3 d6 {[%emt 0:08:03]
6...Bxc3+ gains popularity. A28: English Opening: Four Knights Variation.} ({
Black should play} 6... Bxc3+ $11 7. bxc3 Ne5) 7. Nxc6 $14 Bxc3+ 8. bxc3 bxc6 {[%emt 0:00:02] White is
slightly better.} 9. Bg2 Bd7 {[%emt 0:00:15] [#]} 10. c5 $146 ({Predecessor:} 10. O-O O-O 11. c5 d5 12. c4 Re8 13. Bb2 Rb8
14. Qc2 Qe7 15. cxd5 cxd5 16. e3 {1-0 (50) Siegel,G (2429)-Landenbergue,C 
(2400) Switzerland 2001}) 10... d5 11. Qd4 O-O 12. O-O Re8 13. Re1 Rb8 14. f3 Qe7 15. a4 Bc8 16. e4 dxe4 17. Bg5 Qe5 18.
Qxe5 Rxe5 19. Be3 (19. Bf4
$5 Rxc5 20. Reb1 $11) 19... Bf5 20. Bd4 Ree8 21. Bxf6 exf3 22. Bxf3 gxf6 23. Bxc6 Re5 24. Rxe5 fxe5
$15 {[%emt 0:00:07] Endgame KRB-KRB} 25. Bd5 Kg7 26. Ra3 Rd8 27. c4 Rb8 $1 {[%emt 0:00:08] Prevents Rb3.} 28. a5 h5 29. h4 {[%emt 0:01:05] [#]} (29. Rf3 $17 Bg6 30. Rf2) 29... e4
$1 $19 30. Kf2 (30. c6 $142) 30... Kf6 31. Ke3 $2 {[%emt 0:00:10] [#]} (31. Re3 Ke5 32. Re2) 31... Ke5
$1 32. Bxf7 Bg4 {[%emt 0:00:00] ( -> ...Rb2)}
33. Bd5 Rb2 34. Bxe4 Re2+ 35. Kd3 Rxe4 36. Rb3 Be2+ 37. Kd2 Kd4 38. Rb7 Bf3 {[%emt 0:00:32] Weighted
Error Value: White=0.74/Black=0.05 (flawless)} (38... Bd3 $142 39. Rb3 Re2+ 40.
Kc1 Rc2+ 41. Kd1 Ra2) 0-1

[Event "44th Chess Olympiad Open 2022"]
[Site "Chennai"]
[Date "2022.07.30"]
[Round "2.1"]
[White "Hamitevici, Vladimir"]
[Black "Narayanan.S.L"]
[Result "0-1"]
[WhiteElo "2473"]
[BlackElo "2659"]
[Annotator "TA"]
[PlyCount "78"]
[EventDate "2022.??.??"]
[TimeControl "60"]

1. d4 Nf6 2. c4 e6 3. Nf3 d5 4. g3 dxc4 5. Bg2 c6 6. O-O b5 7. a4 {[%emt 0:07:37] E04: Open Catalan: 5 Nf3.} Bb7 8. b3 (8. Ne5 $5 Qc8 9. f4 $11) 8...
cxb3 9. Qxb3 {[%emt 0:01:27] The position is equal.} a6 10. Rd1 Nbd7 {[%emt 0:03:09] 10...Be7 might
become the main line.} 11. Bf4 Be7 12. Nc3 O-O 13. Ne5 Nd5 {[%emt 0:00:
00] [#]} 14. Ne4 $146 ({Predecessor:} 14. Rac1 Nxe5 15. Bxe5
Qb6 16. Ne4 Rac8 17. Nc5 Rfd8 18. a5 Qa7 19. h4 Nf6 20. Qc3 {1-0 (30) Ivanov,T
(1543)-Podolskyi,M (2047) Kiev 2021}) 14... Nxe5 (14... Nxf4
$15 15. gxf4 Nxe5 16. fxe5 Rb8) 15. Bxe5 $11 f6 16. Bf4 f5 17. Nc5 Bxc5 18. dxc5 Qf6 19. Rac1 {
[%emt 0:04:50] Against Nc3} Rf7 20. Bd6 f4 21. Bxd5 exd5 22. Bxf4 Re8 23. axb5 axb5 24. Be3 Bc8 25. Rd4 Bf5 26. Rf4 Qe6 27. Re1 Ra7 28. Bd4 Ra4
{[%emt 0:03:19] [#] Hoping for ...g5.} 29. Qb2 Re7 30. h4 h6 ({Better is} 30... Bg6 $15)
31. h5 (31. Ra1 $11 {keeps the balance.}) 31... Bg4 $36 {
[%emt 0:01:25][%cal Yf5g4,Yg4h5,Yh5g6] White is under strong pressure.} 32. f3 Bxh5 {[%emt 0:00:13] aiming for ...Qh3.} 33. g4 Bg6 34. Kf2 Rc4 {[%emt 0:00:00][%cal
Ya4c4,Yc4c2,Yc2c3] Strongly threatening ...Rc2.} 35. Qb3 (35.
Kg3 {was worth a try.}) 35... Rc2 {[%emt 0:00:52][%cal Rc2e2] Chess con chili.}
36. Qe3 {[%emt 0:00:00] [#]} (36. Kg3) 36... Qd7 $1 $19 {[%emt 0:00:46] Black
is clearly winning.} 37. Qa3 Qc7 38. Be3 Qe5 39. Qb3 Rc3 {[%emt 0:00:
11] Weighted Error Value: White=0.37/Black=0.10 (very precise)} 0-1

[Event "44th Chess Olympiad Open 2022"]
[Site "Chennai"]
[Date "2022.07.30"]
[Round "2.2"]
[White "Caruana, Fabiano"]
[Black "Bachmann, Axel"]
[Result "1/2-1/2"]
[WhiteElo "2783"]
[BlackElo "2588"]
[Annotator "TA"]
[PlyCount "69"]
[EventDate "2022.??.??"]
[TimeControl "60"]

1. e4 e5 2. Nf3 Nc6 3. Bb5 Bc5 4. O-O Nd4 5. Nxd4 Bxd4 6. c3 Bb6 7. d4 c6 8. Ba4 d6 9. Bc2 {[%emt 0:00:10] C64: Ruy Lopez:
Classical Defence (3...Bc5) except 4 0-0 Nf6.} Ne7 {[%emt 0:10:38] [#]} 10.
dxe5 $146 (10. Nd2 {is interesting.} O-O 11. dxe5 dxe5 12. Qh5
) ({Predecessor:} 10. Nd2 Be6 11. dxe5 dxe5 12. Qh5 Ng6 13. Nf3 Qc7 14. Rd1 h6
15. Bb3 Qe7 16. Bxe6 Qxe6 {0-1 (76) Bronstein,O (2492)-Neverov,V (2440)
Budapest 2022}) 10... dxe5 11. Qxd8+ {[%emt 0:00:35] White
has an edge.} (11. Nd2 {seems wilder.} O-O 12. Qh5 Ng6 13. Nc4) 11... Bxd8 12. Be3 Bb6 13. Bxb6 axb6 14. Nd2 Be6 {[%emt 0:00:
00] Prevents Nc4.} 15. Bb3 Kd7 16. Nc4 Bxc4 17. Bxc4 f6 18. h4 Nc8 19. Rad1+ Ke7 20. Bb3 {[%emt 0:00:10] The position is equal.} Rd8 21. Rxd8 Kxd8 $11 {[%emt 0:00:10] Endgame
KRB-KRN} 22. a4 Nd6 23. f3 Ke7 24. Kf2 c5 25. Rb1 c4 26. Bd1 b5 27. axb5 Nxb5 28. Be2 Nd6 29. b3 b5 30. bxc4 bxc4 31. Rb4 Ra2 32. Kf1 Ra1+ 33. Kf2 Ra2 34. Kf1 Ra1+ 35. Kf2 {[%emt 0:00:08] An interesting draw. Weighted Error Value:
White=0.05 (flawless) /Black=0.04 (flawless)} 1/2-1/2

[Event "44th Chess Olympiad Open 2022"]
[Site "Chennai"]
[Date "2022.07.30"]
[Round "2.2"]
[White "Dominguez Perez, Leinier"]
[Black "Cubas, Jose Fernando"]
[Result "1-0"]
[WhiteElo "2754"]
[BlackElo "2451"]
[Annotator "TA"]
[PlyCount "61"]
[EventDate "2022.??.??"]
[TimeControl "60"]

1. e4 c5 2. Nf3 Nc6 3. d4 cxd4 4. Nxd4 e5 5. Nb5 d6 6. c4 Be7 {[%emt 0:02:33] 6...Be6 is the modern continuation.} 7.
N5c3 {[%emt 0:02:38] B32: Sicilian: Löwenthal and Kalashnikov Variations.} Nf6 8. Na3 $5 {[%emt 0:00:22] Leaves trodden paths.} O-O 9. Nc2 {[%emt 0:00:12] White is slightly better.} Be6 10. Be2 Rc8 11. O-O $1 a6 12. Be3 Nd7 13. Qd2 {[%emt 0:
06:14] [#]} Nc5 $146 ({Predecessor:} 13... f5 14. exf5 Bxf5
15. Nd5 Nf6 16. Bb6 Qd7 17. Nce3 Ne4 18. Qe1 Be6 19. Rd1 Bh4 {½-½ (40)
Cardoso Cardoso,J (2461)-Mateus Urbano,L (2316) Santa Clara 2022}) 14. b4 Nd7 15. Nd5 f5 {[%emt 0:12:55] Black is on the road to losing.} ({Black should play} 15...
Qe8 $14) 16. exf5 $16 Bxf5 17. b5 Ncb8 18. Ncb4 {[%emt 0:00:12] 0x0.
001f20a3f573dp-1022s more active pieces.} Nc5 19. f3 {[%emt 0:
10:24] Against Ne4} h6 20. Nxe7+ Qxe7 21. Rad1 a5 (21... Rcd8 $16 {
keeps fighting.} 22. f4 Ne4) 22. Nd5 $18 Qd8 23. Nc3 Ne6 (23... Nbd7 $142 24. Qxd6 Qf6 25.
Qxf6 Nxf6) 24. Qd5 ({Don't do} 24. Qxd6 Qxd6 25. Rxd6 Nd4 26.
Bxd4 exd4 $18) 24... Re8 (24... Qe7 $142 25. Ne4 Bxe4 26. fxe4
Nd7 27. Qxb7 Rfe8) 25. Qxb7 Nf4 26. Bxf4 exf4 27. Qd5+ Be6 28. Qd4 Nd7 29. Ne4 {[%emt 0:00:16]
White is clearly winning.} Bf7 30. Rf2 Re5 31. Nxd6 {[%emt 0:00:24] Weighted Error Value: White=0.02 
(flawless) /Black=0.33} 1-0

[Event "44th Chess Olympiad Open 2022"]
[Site "Chennai"]
[Date "2022.07.30"]
[Round "2.2"]
[White "Delgado Ramirez, Neuris"]
[Black "So, Wesley"]
[Result "1/2-1/2"]
[WhiteElo "2614"]
[BlackElo "2773"]
[Annotator "TA"]
[PlyCount "98"]
[EventDate "2022.??.??"]
[TimeControl "60"]

1.
e4 e5 2. Nf3 Nc6 3. Nc3 Nf6 4. Bb5 Bb4 5. Bxc6 dxc6 6. d3 Qe7 {[%emt 0:01:28] C49: Four Knights: 4 Bb5 Bb4.} 7. h3 h6 8. Bd2 Bd6 {[%emt 0:05:01]
[#] The position is equal.} 9. Ne2 $146 ({Predecessor:} 9. Qe2 c5 10. Nd1 Be6 11. Ne3 Nd7 12. Bc3 f6 13.
a4 Nb8 14. Nh4 Qf7 15. Nc4 {½-½ (62) Bergstrom,R (2355)-Greiff,H (2282)
Sweden 2009}) 9... Be6 10. Ng3 O-O-O 11. Qe2 g6 12. a3 Nd7 13. Bc3 f6 14. h4 h5 15. Nf1 c5 16. Ne3 Nb8 17. Bd2 Nc6 18. c4 Qf7 (18... Bg4 {feels hotter.} 19. Bc3 f5
20. g3 fxe4 21. dxe4 Nd4) 19. Bc3 a5 20. Qc2 b6 21. Nd5 Kb7 22. Rb1 Ra8 23. O-O a4 24. b4 axb3 $1 25. Rxb3 Ra6 26. Nd2 Rha8 27. Rfb1 Kc8 28. Bb2 Qf8 29. f4 exf4 30. Bxf6 Bxd5 (30... Rxa3 31. Qc3 Ra2 32. R3b2 $17) 31.
cxd5 Qxf6 32. dxc6 Rxa3 ({Better is} 32... Be7 $1 $17 33. Nc4 Qd4+ 34. Qf2 Qxf2+ 35.
Kxf2 Bxh4+ 36. Ke2 Kd8) 33. Nf3 (33. Qc4 $15 Qd4+ 34. Qxd4
cxd4 35. Kf1) 33... Be7 $1 $17 34. Rxa3 Rxa3 35. Qc1 Ra8 ({Much worse is
} 35... Rxd3 $6 36. Qc4 Ra3 37. Rd1 Qxc6 38. Ne5 $11) 36. d4 (
36. Qc4 $17 {keeps fighting.} Qxc6 37. Qf7) 36... Qxc6 $19 ({
Stronger than} 36... cxd4 37. Qc4 $15) 37. d5 Qd6 38. Qc3 Ra4 39. Re1 c4 40. Rd1 b5 {[%emt 0:01:26] Hoping for ...
Qc5+.} 41. Qh8+ Qd8 42. Qg7 Ra6 43. e5 (43. Kh2 $142) 43... Bc5+ 44. Kh2 Qf8 {[%emt 0:00:00] Prevents d6.} 45.
Qh7 Qe7 {[%emt 0:00:06] Inhibits d6.} (45... Qe8
$1 $19 {Threatens to win with ...c3.} 46. Re1 Ra7) 46. Qg8+ $17 Qd8 (46... Kb7 $1 $17 {White must now prevent ...c3.} 47.
Rb1 b4) 47. Qf7 $2 (47. Qg7 $1 $11 {and White has nothing to
worry.}) 47... Qf8 (47... c3 $142 48. e6 Be7 49. Qxg6 b4) 48.
Qh7 $19 {[%emt 0:00:08][%cal Yd5d6] [#]} Qe7 $2 (48... Qe8 $1 $19 {Strongly
threatening ...c3.} 49. Re1 Ra7) 49. Qg8+ $17 {[%emt 0:00:00] [#]} Qf8 {
Weighted Error Value: White=0.22 (precise) /Black=0.22 (precise)} (49... Kb7 $1
$17 50. Rb1 Rb6) 1/2-1/2

[Event "44th Chess Olympiad Open 2022"]
[Site "Chennai"]
[Date "2022.07.30"]
[Round "2.2"]
[White "Zacarias, M Ruben D"]
[Black "Shankland, Sam"]
[Result "1/2-1/2"]
[WhiteElo "2175"]
[BlackElo "2720"]
[Annotator "TA"]
[PlyCount "64"]
[EventDate "2022.??.??"]
[TimeControl "60"]

1. e4 c5 2. Nf3 d6 3. Bb5+ Nd7 4. a4 Ngf6 5. Nc3 a6 6. Be2 {[%emt 0:00:16] B51: Sicilian: Moscow Variation (3 Bb5+)
without 3...Bd7.} b6 7. d4 cxd4 8. Qxd4 {[%emt 0:00:38] The position is equal.} Bb7 9.
Bg5 {[%emt 0:10:31] [#]} h6 $146 ({Black should try} 9... e6
$11) ({Predecessor:} 9... Qc7 10. O-O h6 11. Be3 Rc8 12. Nd2 e5 13. Qd3 Be7 14.
Rfd1 Nc5 15. Bxc5 dxc5 {½-½ (62) Sadhwani,R (2619)-Maghsoodloo,P (2699)
Chess.com INT 2022}) 10. Bxf6 $14 Nxf6 11.
Nd2 e5 12. Qe3 Be7 13. O-O O-O 14. Rfd1 Qc7 15. Nc4 Nd7 {[%emt 0:04:39] [#]} 16. Nxd6
{[%emt 0:17:00] White is much more active. The black rooks are badly placed.}
Bxd6 $11 {[%emt 0:01:19] This bishop pair is nice.} 17. Qd3 Bb4 18. Qxd7 Rac8 19. Na2 Bc5 20. Qxc7 Rxc7 21. Bd3 g6 22. Nc3 f5 23. exf5 gxf5 24. Bc4+ Kg7 25. Bd5 Bd4 26. Bxb7 Rxb7 27. Ra3 Rc8 28. Rb3 Bxc3 29. bxc3 Rc4 30. a5 b5 31. Rd6 Ra7 32. Rb4 {
[%emt 0:07:55] [#] Threatens to win with Rxc4.} Rxc3 {[%emt 0:02:46] Weighted
Error Value: White=0.10 (very precise) /Black=0.11 (very precise)} 1/2-1/2

[Event "44th Chess Olympiad Open 2022"]
[Site "Chennai"]
[Date "2022.07.30"]
[Round "2.3"]
[White "Carlsen, Magnus"]
[Black "Meier, Georg"]
[Result "1-0"]
[WhiteElo "2864"]
[BlackElo "2613"]
[Annotator "TA"]
[PlyCount "159"]
[EventDate "2022.??.??"]
[TimeControl "60"]

1. e4 e6 2. d4 d5 3. Nc3 dxe4 4. Nxe4 Nd7 5. c3 Ngf6 6. Bd3 {[%emt 0:
00:00] C10: French with 3 Nc3: Unusual Black 3rd moves and 3...dxe4.} Nxe4 7. Bxe4 Nf6 8. Bc2 {[%emt 0:
00:00] The position is equal.} c5 9. Nf3 cxd4 10. Nxd4 Bc5 11. O-O Bxd4 12. cxd4 b6 {[%emt 0:00:
00] [#]} 13. Qd3 $146 ({Predecessor:} 13. Bg5 Bb7 14. Ba4+ Kf8
15. Bb3 Bd5 16. Bc2 Bb7 17. Qd2 Qd7 18. Rac1 Nd5 19. Qe2 {½-½ (51)
Prozorovsky,V (2415)-Avchinikov,V (2334) ICCF email 2018}) 13... Bb7 14. Ba4+ Kf8 15. Bd2 h5 16. Rac1 h4 17. h3 Qd6 18. Bd1 Rd8 19. Re1 Kg8 20. Be3 Nd5 21. Qd2 Nxe3 22.
fxe3 Rh6 23. Rf1 Rg6 24. Bg4 f5 25. Bf3 Bxf3 26. Rxf3 Rg3 27. Qf2 e5 28. Rxf5 exd4 29. exd4 Qxd4
{[%emt 0:01:04] [#]} (29... Qg6 $11 {is more appropriate.}) 30. Rf8+ $1 $14 Kh7 31. Rxd8 Qxd8 {[%emt 0:
00:00] Endgame KQR-KQR} 32. Qf5+ g6 33. Qf4 {
[%emt 0:02:57] And now Rc7+ would win.} Rd3 34. Rc7+ Rd7 35. Rxd7+ Qxd7 36. Qxh4+ {[%emt 0:00:11] KQ-KQ} Kg7 37. Qf4 Qd5 38. a3 b5 39. Qc7+ Kh6 40. Qxa7 (40. b4 $16)
40... Qd1+ $11 41. Kh2 {[%emt 0:30:02] Qe3+ is the strong
threat.} Qd6+ 42. Kh1 Qd2 43. b4 Qc1+ 44. Qg1 Qxa3 45. Qe1 Qd3 46. Qh4+ Kg7 47. Qe7+ Kh6 48. Kh2 Qd4 49. h4 (49.
Qc5 $14 Qd3 50. Qf8+ Kg5 51. Qe7+ Kh6 52. Qf8+ Kg5 53. Qc5+ Kf6 54. h4) 49...
Qf4+ 50. Kh3 Qf5+ 51. Kg3 Qd5 52. Qc5 Qd3+ 53. Kh2 Qe4 54. Qg5+ Kh7 55. h5 {[%emt 0:00:00] Black must now prevent Qxg6+.} Qxb4 56. Qxg6+ Kh8 57. Qf6+ Kh7 58. Qf5+ Kg8 59. Qe6+ Kh7 60. Qf7+ Kh8 61. Qf6+ Kh7 62. Kh3 Qe4 63. g4 Qe3+ 64. Kg2 Qe2+ 65. Kg3 Qe1+ 66. Qf2 Qc3+ 67. Kh4 b4 68. Qf7+ Kh8 69. Qe8+ Kg7 70. Qe7+ Kh8 71. h6 b3 72. Kh5 b2 73. Qe8+ Kh7 {[%emt 0:00:
00] Strongly threatening ...Qh3+.} 74. Qe4+ Kh8 75. Kg6 b1=B $2 (75... b1=Q
$11 76. Qxb1 Qe5) 76. Qxb1 Qc6+ 77. Kg5 Qc5+ $2 (77... Qd5+ $11 78. Qf5 Qd8+ 79. Kh5 (
79. Qf6+ Kh7 $11) 79... Qe8+ 80. Kh4 Qe7+ 81. g5 Qe1+ 82. Kg4 Qe2+ 83. Kh3 Qe3+
84. Kh4 Qe1+ 85. Kg4 Qe2+ 86. Kh3 Qe3+ 87. Kh4 Qe1+) 78. Qf5 Qe3+ $2 {[%emt 0:00:26] [#]} (78... Qc7 $11 79. Kh5 Qf7+ 80. Kh4 Qe7+ 81. g5
Qe1+ 82. Kg4 Qd1+ 83. Qf3 Qa4+ 84. Qf4 Qd7+ 85. Kh4 Kg8 86. Qc4+ Kh7 87. Qe4+
Kg8 88. Qc4+ Kh8) 79. Qf4 $1 Qc5+ {[%emt 0:00:09] [#]} 80. Kg6
$1 {[%emt 0:00:10] Weighted Error Value: White=0.07 (flawless) /Black=0.04 
(flawless)} 1-0